 Dungeon Crawl Stone Soup version 0.24-a0-784-g601f8f6d22 (webtiles) character file.

Game seed: 1970093213363811045, levelgen mode: deterministic

7 MrRokkomies the Covered (level 2, -1/23 HPs)
             Began as a Gnoll Wanderer on Oct 9, 2019.
             Slain by a jackal (2 damage)
             ... on level 1 of the Dungeon.
             The game lasted 00:00:21 (47 turns).

MrRokkomies the Covered (Gnoll Wanderer)              Turns: 47, Time: 00:00:22

Health: -1/23      AC:  2    Str: 14    XL:     2   Next: 0%
Magic:  2/2        EV: 10    Int: 13    God:
Gold:   0          SH:  8    Dex: 15    Spells: 1/1 levels left

rFire    . . .     SeeInvis .   a - +0 falchion
rCold    . . .     Gourm    .   b - +0 shield
rNeg     . . .     Faith    .   d - +0 robe
rPois    .         Spirit   .   (no helmet)
rElec    .         Reflect  .   (no cloak)
rCorr    .         Harm     .   (no gloves)
MR       .....                  (no boots)
Stlth    +.........             (no amulet)
HPRegen  0.07/turn              (no ring)
MPRegen  0.08/turn              (no ring)

@: no status effects
A: distributed training, fangs 1, strong nose
a: no special abilities


You were on level 1 of the Dungeon.
You were not hungry.

You visited 1 branch of the dungeon, and saw 1 of its levels.

Inventory:

Hand Weapons
 a - a +0 falchion (weapon)
 c - a +0 spear
Armour
 b - a +0 shield (worn)
 d - a +0 robe (worn)
Comestibles
 f - a ration


   Skills:
 + Level 2.4 Fighting
 + Level 0.2 Short Blades
 + Level 0.2 Long Blades
 + Level 0.2 Axes
 + Level 0.2 Maces & Flails
 + Level 6.4 Polearms
 + Level 0.2 Staves
 + Level 0.2 Slings
 + Level 0.2 Bows
 + Level 0.2 Crossbows
 + Level 2.4 Throwing
 + Level 6.4 Armour
 + Level 2.4 Dodging
 + Level 0.2 Stealth
 + Level 2.4 Shields
 + Level 0.2 Unarmed Combat
 + Level 0.2 Spellcasting
 + Level 0.1 Conjurations
 + Level 0.1 Hexes
 + Level 0.1 Charms
 + Level 0.1 Summonings
 + Level 0.1 Necromancy
 + Level 0.1 Translocations
 + Level 0.1 Transmutations
 + Level 0.1 Fire Magic
 + Level 0.1 Ice Magic
 + Level 0.1 Air Magic
 + Level 0.1 Earth Magic
 + Level 0.1 Poison Magic
 + Level 0.3 Invocations
 + Level 0.2 Evocations


You had one spell level left.
You didn't know any spells.
Your spell library was empty.

Dungeon Overview and Level Annotations

Branches:
Dungeon (1/15)

Altars:


Innate Abilities, Weirdness & Mutations

Your experience applies equally to all skills.
You have very sharp teeth.
Your uncanny sense of smell can sniff out nearby items.


Message History

You barely miss the jackal.
The jackal is severely wounded.
The jackal misses you. The jackal barely misses you.
You riposte.
You closely miss the jackal.
The jackal is severely wounded.
You closely miss the jackal.
The jackal is severely wounded.
The jackal closely misses you. x2; You riposte.
You closely miss the jackal.
The jackal is severely wounded.
You hit the jackal but do no damage.
The jackal is severely wounded.
The jackal completely misses you.
You riposte.
Your shield prevents you from hitting the jackal.
The jackal is severely wounded.
The jackal barely misses you.
Your shield prevents you from hitting the jackal.
The jackal is severely wounded.
The jackal bites you but does no damage.
The jackal bites you.
You die...

###............. ..........
≈≈≈............ ..........
≈≈≈≈≈.[.....r# #.........
..≈≈≈≈..≈≈≈≈≈# #.........
.....≈≈≈≈≈≈≈≈# #.........
......≈≈≈≈...## .h.......
..............## ##........
≈≈≈≈≈≈.........####.........
≈≈≈≈≈≈≈≈........@hhr........
≈≈≈≈≈≈≈≈≈≈≈≈.######.........
.....≈≈≈≈≈≈≈≈# #.........
...........≈≈# #.........
############## ##........
##......# #######


You could see 2 jackals and a rat.

Vanquished Creatures
  5 jackals (D:1)
5 creatures vanquished.

Notes
Turn   | Place    | Note
-------+----------+-------------------------------------------
     0 | D:1      | MrRokkomies the Gnoll Wanderer began the quest for the Orb.
     0 | D:1      | MrRokkomies set off with the following items: a +0
                  | falchion, a +0 shield, a +0 spear, a +0 robe, a ration
     0 | D:1      | Reached XP level 1. HP: 17/17 MP: 1/1
    39 | D:1      | Reached XP level 2. HP: 5/23 MP: 2/2
    42 | D:1      | HP: 1/23 [jackal (1)]
    47 | D:1      | Slain by a jackal

Levels and vault maps discovered:
D:1:      dpeg_arrival_chase, layout_rooms, chequers_serial_rivers_small_3

Action                   || total
-------------------------++-------
Melee: Falchion          ||    21
       Bite              ||     2
Armor: Robe              ||     5
Dodge: Dodged            ||    14
Block: Shield            ||    11
       Rpst.: Falchion   ||     6

Table legend:
 A = Non-vault XP
 B = Vault XP
 C = Vault XP percentage of total XP
 D = Non-vault monster count
 E = Vault monster count
 F = Vault count percentage of total count
                 A         B        C        D         E       F
            +---------+---------+-------+---------+---------+-------
      Total |      10 |       0 |   0.0 |       5 |       0 |   0.0
            +---------+---------+-------+---------+---------+-------
        D:1 |      10 |       0 |   0.0 |       5 |       0 |   0.0
            +---------+---------+-------+---------+---------+-------
